 Dungeon Crawl Stone Soup version 0.30.1-8-g117510f58f (webtiles) character file.

Game seed: 10318374206395508762

583 monsoonserge the Slasher (level 7, -7/55 HPs)
             Began as a Demonspawn Monk on Sept 24, 2023.
             Killed from afar by an orc wizard (8 damage)
             ... with a magic dart
             ... on level 6 of the Dungeon.
             The game lasted 00:10:25 (3282 turns).

monsoonserge the Slasher (Demonspawn Monk)          Turns: 3282, Time: 00:10:26

Health: -7/55      AC:  9    Str: 10 (12) XL:     7   Next: 14%
Magic:  7/7        EV:  9    Int: 10 (11) God:
Gold:   186        SH:  0    Dex: 14 (17) Spells: 6/6 levels left

rFire   . . .        a - +0 falchion
rCold   + . .        (no shield)
rNeg    . . .        s - +0 scale mail
rPois   .            w - +0 helmet
rElec   .            (no cloak)
rCorr   .            (no gloves)
SInv    .            (no boots)
Will    .....        (no amulet)
Stlth   x              - ring of protection from cold
HPRegen 0.29/turn    (no ring)
MPRegen 0.20/turn

%: no passive effects
@: invisible
A: thin metallic scales 1, magic regeneration, demonic touch 1
a: no special abilities


You were on level 6 of the Dungeon.
You visited 2 branches of the dungeon, and saw 7 of its levels.

You collected 186 gold pieces.

Inventory:

Hand Weapons
 a - a +0 falchion (weapon)
Missiles
 r - 10 poisoned darts (quivered)
Armour
 s - a +0 scale mail (worn)
 t - a +0 leather armour of fire resistance
 w - a +0 helmet (worn)
 y - a +0 chain mail
Magical Staves
 u - a staff of death
Jewellery
 x - a ring of protection from cold (left hand)
Wands
 j - a wand of polymorph (11)
Scrolls
 b - a scroll of fog {unknown}
 e - 5 scrolls of teleportation {unknown}
 f - a scroll of blinking {unknown}
 m - 4 scrolls of identify {unknown}
 n - 2 scrolls of vulnerability {unknown}
 v - 2 scrolls of amnesia {unknown}
Potions
 c - a potion of ambrosia
 d - a potion of flight {unknown}
 g - a potion of cancellation
 h - a potion of attraction {unknown}
 i - a potion of haste {unknown}
 k - a potion of heal wounds {unknown}
 l - a potion of might {unknown}
 o - a potion of magic {unknown}


   Skills:
 + Level 4.4 Fighting
 + Level 5.5 Long Blades
 + Level 1.8 Armour
 + Level 4.0 Dodging
 + Level 0.4 Stealth
 - Level 1.0 Unarmed Combat


You had 6 spell levels left.
You didn't know any spells.
Your spell library contained the following spells:

 Spells                   Type           Power      Damage    Failure   Level
 Magic Dart               Conj           0%         1d3       95%         1
 Shock                    Conj/Air       0%         1d3       95%         1
 Swiftness                Air            0%         N/A       100%        3
 Airstrike                Air            0%         2d(0-16)  100%        4


Dungeon Overview and Level Annotations

Branches:
Dungeon (6/15)             Temple (1/1) D:4

Altars:
Ashenzari
Cheibriados
Dithmenos
Gozag
Hepliaklqana
Kikubaaqudgha
Makhleb
Nemelex Xobeh
Okawaru
Qazlal
Trog
Uskayaw
Vehumet
Wu Jian
Xom
Yredelemnul

Annotations:
D:5 Grinder
D:6 Menkaure


Innate Abilities, Weirdness & Mutations

You are partially covered in thin metallic scales. (AC +2)
You regenerate magic rapidly.
Your touch may inflict minor irresistible damage on your foes.


Message History

You climb downwards.
The orc wizard shouts!
The orc shouts! x4
Found a scroll labelled WEOTIY QYIT.
There is a stone staircase leading up here.
It was a potion of cancellation.
You feel magically purged. The ufetubus completely misses you.
The ufetubus closely misses you.
The ufetubus hits you but does no damage. x2
Menkaure misses you. The orc closely misses you.
It was a potion of degeneration.
There was something very wrong with that liquid.
You feel weakened.
You feel dopey.
You feel clumsy.
The ufetubus hits you but does no damage.
The ufetubus barely misses you. Menkaure hits you.
* * * LOW HITPOINT WARNING * * *
It was a potion of curing.
You feel better.
The ufetubus hits you but does no damage.
The ufetubus barely misses you. Menkaure casts a spell at you.
Pain shoots through your body!
* * * LOW HITPOINT WARNING * * *
The ufetubus barely misses you.
The ufetubus hits you but does no damage.
The orc wizard closely misses you. The orc barely misses you.
Okay, then.
Okay, then.
It was a potion of invisibility.
You fade into invisibility!
The ufetubus completely misses you. The ufetubus hits you.
* * * LOW HITPOINT WARNING * * *
Menkaure calls on the powers of darkness!
The orc convulses! x2; You feel a surge of unholy energy.
The orc convulses!
The orc wizard convulses!
The orc convulses!
The orc wizard hits you but does no damage.
The orc barely misses you. The orc hits you but does no damage.
The ufetubus barely misses you. The ufetubus closely misses you.
Menkaure closely misses you.
The ufetubus hits you but does no damage. x2
The orc wizard points at Menkaure and mumbles some strange words.
The magic dart hits you!
You die...

.? .# #.. .#.
...###### ....
#..#...##.....
#......#.....
#..........
..#...oo..#
#....o5@..#
####..ooM##
#.......#
#.......#
#..####.# ###
.# .# .#


You could see Menkaure (fast), an orc wizard (unable to see you), 4 orcs and an
ufetubus (unable to see you).

Vanquished Creatures
  A kobold brigand (D:4)
  2 phantoms
  2 scorpions
  A hound (D:4)
  An iguana (D:4)
  A sleepcap (D:4)
  3 adders
  3 worms
  A dart slug (D:3)
  9 orcs
  10 ball pythons
  10 endoplasms
  4 giant cockroaches
  12 goblins
  9 hobgoblins
  4 jackals (D:4)
  7 quokkas
  8 bats
  2 frilled lizards
  12 kobolds
  3 rats
105 creatures vanquished.

Notes
Turn   | Place    | Note
-------+----------+-------------------------------------------
     0 | D:1      | monsoonserge the Demonspawn Monk began the quest for the
                  | Orb.
     0 | D:1      | Reached XP level 1. HP: 18/18 MP: 1/1
    45 | D:1      | Gained mutation: You regenerate magic rapidly. [demonic
                  | ancestry]
    45 | D:1      | Reached XP level 2. HP: 22/24 MP: 2/2
   156 | D:1      | Reached skill level 3 in Long Blades
   560 | D:2      | Reached XP level 3. HP: 29/29 MP: 3/3
   646 | D:2      | Found a faded altar of an unknown god.
   652 | D:2      | Got Plato's Incunabulum of Blasting
  1278 | D:2      | Gained mutation: Your touch may inflict minor irresistible
                  | damage on your foes. [demonic ancestry]
  1278 | D:2      | Reached XP level 4. HP: 33/37 MP: 4/4
  1806 | D:3      | Reached skill level 4 in Long Blades
  1914 | D:4      | Found a staircase to the Ecumenical Temple.
  1923 | Temple   | Entered the Ecumenical Temple
  2233 | D:4      | Noticed a scorpion
  2239 | D:4      | Killed a scorpion
  2240 | D:4      | Gained mutation: You are partially covered in thin metallic
                  | scales. (AC +2) [demonic ancestry]
  2240 | D:4      | Reached XP level 5. HP: 41/42 MP: 5/5
  2297 | D:4      | Reached skill level 1 in Unarmed Combat
  2561 | D:4      | Reached XP level 6. HP: 48/48 MP: 6/6
  2719 | D:4      | Reached skill level 1 in Armour
  3068 | D:5      | Entered Level 5 of the Dungeon
  3068 | D:5      | Noticed Grinder
  3069 | D:5      | Paralysed by Grinder for 4 turns
  3106 | D:4      | Reached skill level 5 in Long Blades
  3138 | D:5      | Reached XP level 7. HP: 45/54 MP: 7/7
  3262 | D:5      | Noticed Menkaure
  3281 | D:6      | HP: 1/55 [ufetubus (2)]
  3282 | D:6      | Killed from afar by an orc wizard

Illustrated notes

Levels and vault maps discovered:
D:1:      giann_horns, layout_rooms
D:2:      layout_loops_corners, shapermc_ecumenical_altar_rom_forum,
          minmay_tall_x
D:3:      layout_basic
D:4:      cheibrodos_thug_alley, layout_loops_ring,
          minmay_temple_entry_nine_rooms
D:5:      layout_cave_pools, pf_just_have_faith, uniq_menkaure, uniq_grinder
D:6:      layout_rooms, hellmonk_no_cap
Temple:   regret_index_temple_mists

Skill      XL: |  1  2  3  4  5  6 |
---------------+-------------------+-----
Long Blades    | 3 4 5 |  5.5
Dodging        | 3 4 |  4.0
Unarmed Combat | 1 |  1.0
Fighting       | 4 |  4.4
Armour         | 1 |  1.8
Stealth        | |  0.4

Action                     |  1- 3 |  4- 6 |  7- 9 || total
---------------------------+-------+-------+-------++-------
  Melee: Falchion          |   107 |   127 |     8 ||   242
         Touch             |       |    27 |     3 ||    30
    Use: Potion            |       |       |     4 ||     4
 Armour: Robe              |    17 |     2 |       ||    19
         Scale mail        |       |    39 |    18 ||    57
  Dodge: Dodged            |    74 |    59 |    28 ||   161
